 Dungeon Crawl Stone Soup version 0.31-a0-1-g4198be8af4 (webtiles) character file.

Game seed: 14426899319840292431

12082 LobsterGuardian the Reanimator (level 11, -3/92 HPs)
             Began as a Hill Orc Necromancer on Apr 30, 2023.
             Was a High Priest of Sif Muna.
             Slain by Saint Roka
             ... wielding a +0 battleaxe
              (23 damage)
             ... on level 2 of the Orcish Mines.
             The game lasted 00:52:17 (15190 turns).

LobsterGuardian the Reanimator (HONe)              Turns: 15190, Time: 00:52:18

Health: -3/92      AC: 14    Str: 11    XL:     11   Next: 87%
Magic:  5/19       EV: 14    Int: 21    God:    Sif Muna [*****.]
Gold:   741        SH:  0    Dex: 12    Spells: 5/21 levels left

rFire   . . .        a - +2 dagger (venom)
rCold   . . .        d - orb {*channel}
rNeg    . . .        b - +0 troll leather armour
rPois   +            u - +4 helmet of Autotheism {Regen+}
rElec   +            p - +0 cloak {rPois}
rCorr   .            (no gloves)
SInv    .            (no boots)
Will    +....        E - amulet of regeneration
Stlth   +            B - +4 ring of protection
HPRegen 2.75/turn    s - ring of willpower
MPRegen 0.16/turn

%: channel magic (20%)
@: no status effects
A: clever 1, electricity resistance
a: Renounce Religion, Convert to Beogh, Channel Magic, Forget Spell, Divine
Exegesis


You were on level 2 of the Orcish Mines.
You worshipped Sif Muna.
Sif Muna was extremely pleased with you.
You visited 2 branches of the dungeon, and saw 12 of its levels.
You also visited: Sewer.

You collected 1070 gold pieces.
You spent 329 gold pieces at shops.

Inventory:

Hand Weapons
 a - a +2 dagger of venom (weapon)
 j - a +3 dagger
 w - a +2 dagger of draining
Missiles
 c - 91 poisoned darts
 r - 3 throwing nets
Armour
 b - a +0 troll leather armour (worn)
 d - an orb of energy (worn)
 p - a +0 cloak of poison resistance (worn)
 u - the +4 helmet of Autotheism (worn) {Regen+}
   (You bought it in a shop on level 1 of the Dungeon)

   Regen:     It increases your rate of health regeneration.
Jewellery
 i - a ring of positive energy
 s - a ring of willpower (right hand)
 B - a +4 ring of protection (left hand)
 E - an amulet of regeneration (around neck)
Wands
 z - a wand of roots (3)
 C - a wand of flame (15)
Scrolls
 f - 4 scrolls of amnesia
 m - a scroll of enchant weapon
 o - 3 scrolls of vulnerability
 x - a scroll of blinking
Potions
 e - a potion of might
 h - a potion of resistance
 l - 4 potions of flight
 q - 2 potions of cancellation
 t - 2 potions of curing


   Skills:
 + Level 7.0 Fighting
 - Level 1.4 Short Blades
 * Level 8.7 Dodging
 - Level 1.5 Stealth
 + Level 5.7 Spellcasting
 - Level 5.3 Hexes
 - Level 11.9 Necromancy


You had 5 spell levels left.
You knew the following spells:

 Your Spells              Type           Power      Damage    Failure   Level
a - Necrotise             Necr           100%       1d9       1%          1
b - Vampiric Draining     Necr           54%        2d9       2%          3
c - Animate Dead          Necr           54%        N/A       5%          4
d - Agony                 Necr           54%        N/A       10%         5
e - Tukima's Dance        Hex            28%        N/A       13%         3

Your spell library contained the following spells:

 Spells                   Type           Power      Damage    Failure   Level
 Dazzling Flash           Conj/Hex       34%        N/A       30%         3
 Portal Projectile        Hex/Tloc       34%        N/A       30%         3
 Momentum Strike          Conj/Tloc      12%        3d8       41%         2
 Call Canine Familiar     Summ           6%         N/A       58%         3
 Leda's Liquefaction      Hex/Erth       8%         N/A       63%         4
 Silence                  Hex/Air        8%         N/A       90%         5
 Yara's Violent Unravell  Hex/Tmut       8%         3d5       90%         5
 Passage of Golubria      Tloc           6%         N/A       91%         4
 Iskenderun's Battlesphe  Conj           6%         2d6       99%         5
 Simulacrum               Ice/Necr       15%        N/A       96%         6
 Iron Shot                Conj/Erth      3%         9d2       100%        6
 Haunt                    Necr/Summ      15%        N/A       100%        7


Dungeon Overview and Level Annotations

Branches:
Dungeon (10/15)            Temple (0/1) D:7            Lair (0/5) D:9
    Orc (2/2) D:10          Sewer (visited)
    Elf: Orc:2

Altars:
Ashenzari
Dithmenos
Elyvilon
Fedhas
Kikubaaqudgha
Okawaru
Qazlal
Ru
Sif Muna
Uskayaw
Wu Jian
Xom
Zin
The Shining One

Shops:
D:1 [   D:4 (   D:6 !

Annotations:
Orc:2 Saint Roka


Innate Abilities, Weirdness & Mutations

Your mind is acute. (Int +4, Str/Dex -1)
You are resistant to electric shocks. (rElec)


Message History

You draw life force from Saint Roka!
You feel life coursing into your body.
The orc no longer looks unusually strong.
The orc hits you with a +0 club. The orc hits you but does no damage.
Saint Roka invokes the aid of Beogh against you.
Beogh smites you!
Unknown command.
Casting: Vampiric Draining (mildly dangerous; 2% risk of failure)
Confirm with . or Enter, or press ? or * to list all spells.
Aiming: Vampiric Draining (mildly dangerous; 2% risk of failure)
Press: ? - help, Shift-Dir - straight line, f/p - Saint Roka
Aim: Saint Roka, wielding a +0 battleaxe and wearing a +0 plate armour of cold resistance (severely wounded, extremely poisoned)
You draw life force from Saint Roka!
You feel life coursing into your body. The orc hits you with a +0 club.
The orc barely misses you.
Saint Roka mumbles some strange prayers to Beogh against you.
Beogh smites you!
* * * LOW HITPOINT WARNING * * *
The cyclops throws a large rock.
The large rock hits you!!
* * * LOW HITPOINT WARNING * * *
Unknown command.
Casting: Vampiric Draining (mildly dangerous; 2% risk of failure)
Confirm with . or Enter, or press ? or * to list all spells.
Aiming: Vampiric Draining (mildly dangerous; 2% risk of failure)
Press: ? - help, Shift-Dir - straight line, f/p - Saint Roka
Aim: Saint Roka, wielding a +0 battleaxe and wearing a +0 plate armour of cold resistance (severely wounded, extremely poisoned)
You draw life force from Saint Roka!
You feel life coursing into your body! The orc hits you but does no damage.
The orc misses you.
Saint Roka cries, "Beogh give me strength!"
Saint Roka roars a battlecry!
The orc goes into a battle-frenzy!
Casting: Vampiric Draining (mildly dangerous; 2% risk of failure)
Confirm with . or Enter, or press ? or * to list all spells.
Aiming: Vampiric Draining (mildly dangerous; 2% risk of failure)
Press: ? - help, Shift-Dir - straight line, f/p - Saint Roka
Aim: Saint Roka, wielding a +0 battleaxe and wearing a +0 plate armour of cold resistance (severely wounded, very poisoned)
You draw life force from Saint Roka!
You feel life coursing into your body!
The cyclops throws a large rock.
The large rock closely misses you. The orc barely misses you.
The orc hits you with a +0 club.
* * * LOW HITPOINT WARNING * * *
Saint Roka hits you with a +0 battleaxe!!
You die...

....................
....................
..................#.
....................
.......)............
.............C......
.......)............
###...)o...........
..'...)@o.......$..
..'....[o)#.....#..
###......))........
#....#.)........#
#.......[......##
#......)......##
#............##
#..##.......## #..
#......##


You could see Saint Roka (very poisoned), a cyclops and 2 orcs.

Vanquished Creatures
  A two-headed ogre (Orc:1)
  Urug (D:10)
  A kobold demonologist (D:9)
  A troll (D:9)
  A wraith (D:10)
  A wyvern (D:9)
  15 yaks
  3 water moccasins
  A black bear (D:8)
  11 orc warriors
  An ice beast (D:6)
  9 ogres
  A sky beast (D:6)
  4 centaurs
  2 phantoms
  9 kobold brigands
  3 bullfrogs
  4 scorpions
  2 wights (D:9)
  3 killer bees (D:8)
  A howler monkey (D:4)
  2 electric eels (D:9)
  2 crimson imps (D:8)
  A quasit (Sewer)
  2 jellies
  5 orc priests
  5 gnoll boudas (D:7)
  Ijyb (D:3)
  2 iguanas
  11 orc wizards
  A sleepcap (D:6)
  15 gnolls
  5 adders
  A white imp (D:6)
  7 ufetubi
  An adder zombie (Sewer)
  2 dart slugs (D:2)
  10 worms
  30 orcs
  4 ball pythons
  2 bats
  3 endoplasms
  9 giant cockroaches
  3 goblins
  11 hobgoblins
  5 jackals
  3 quokkas
  2 frilled lizards
  41 kobolds
  A kobold zombie (Sewer)
  11 rats
273 creatures vanquished.

Vanquished Creatures (collateral kills)
  A kobold demonologist (D:9)
  Grinder (D:6)
  5 yaks
  A basilisk (D:9)
  A black bear (D:9)
  3 orc warriors
  2 phantoms
  4 kobold brigands
  2 wights (D:9)
  A gnoll sergeant (D:10)
  2 crimson imps (D:8)
  2 orc priests
  A hound (D:5)
  An iguana (D:5)
  An orc wizard (Orc:2)
  5 gnolls
  A worm (D:6)
  A dart slug (D:1)
  7 orcs
  4 kobolds
46 creatures vanquished.

Vanquished Creatures (others)
  5 dancing weapons
  3 yak zombies (D:10)
  A centaur zombie (D:8)
  A gnoll bouda (D:7)
  A scorpion zombie (D:5)
  2 killer bee zombies (D:8)
  2 ogre zombies
  23 orc zombies
  8 gnoll zombies
  An iguana zombie (D:7)
  An endoplasm (Sewer)
  A ball python zombie (Sewer)
  An endoplasm zombie (Sewer)
  9 kobold zombies
  A butterfly (D:9)
  29 fungi
  18 plants
  10 withered plants (D:9)
117 creatures vanquished.

Grand Total: 436 creatures vanquished

Notes
Turn   | Place    | Note
-------+----------+-------------------------------------------
     0 | D:1      | LobsterGuardian the Hill Orc Necromancer began the quest
                  | for the Orb.
     0 | D:1      | Reached XP level 1. HP: 14/14 MP: 3/3
   295 | D:1      | Found Ysilarin's Antique Armour Shop.
   417 | D:1      | Reached XP level 2. HP: 20/20 MP: 2/4
  1392 | D:2      | Reached XP level 3. HP: 26/26 MP: 3/5
  1396 | D:2      | Learned a level 3 spell: Vampiric Draining
  1692 | D:2      | Reached skill level 5 in Necromancy
  1979 | D:2      | Reached XP level 4. HP: 18/33 MP: 1/7
  2346 | D:3      | Noticed Ijyb
  2356 | D:3      | Killed Ijyb
  2541 | D:3      | Reached XP level 5. HP: 38/38 MP: 4/8
  2567 | D:3      | Gained mutation: You are resistant to electric shocks.
                  | (rElec) [potion of mutation]
  2567 | D:3      | Gained mutation: Your mind is acute. (Int +4, Str/Dex -1)
                  | [potion of mutation]
  2634 | D:3      | Learned a level 4 spell: Animate Dead
  3243 | D:3      | Reached skill level 6 in Necromancy
  3622 | D:4      | Reached XP level 6. HP: 46/46 MP: 5/9
  3741 | D:4      | Found a shimmering blue altar of Sif Muna.
  3849 | D:4      | Found a stormy altar of Qazlal.
  3911 | D:4      | Found Qedghean's Weapon Emporium.
  4314 | D:4      | Became a worshipper of Sif Muna the Loreminder
  4343 | D:5      | Entered Level 5 of the Dungeon
  4384 | D:5      | Found an iron altar of Okawaru.
  4385 | D:5      | Found a broken altar of Ashenzari.
  4453 | D:5      | Reached skill level 7 in Necromancy
  4647 | D:5      | Reached XP level 7. HP: 51/51 MP: 0/10
  4896 | D:5      | Reached skill level 1 in Fighting
  5237 | D:5      | Reached skill level 8 in Necromancy
  5970 | D:6      | Reached XP level 8. HP: 61/61 MP: 2/11
  6280 | D:6      | Reached * piety under Sif Muna
  6281 | D:6      | Reached skill level 9 in Necromancy
  6459 | D:6      | Found a glowing drain.
  6465 | Sewer    | Entered a sewer
  6710 | Sewer    | Found a burning altar of Makhleb.
  6748 | Sewer    | Noticed Grinder
  6826 | Sewer    | Reached ** piety under Sif Muna
  6888 | D:6      | Killed Grinder
  7474 | D:6      | Reached skill level 5 in Dodging
  7499 | D:6      | Reached XP level 9. HP: 57/68 MP: 4/12
  7950 | D:7      | Found a staircase to the Ecumenical Temple.
  8356 | D:7      | Reached *** piety under Sif Muna
  8357 | D:7      | Reached skill level 10 in Necromancy
  8368 | D:7      | Found the +5 Force Lance {heavy, knockback}
  8858 | D:6      | Found Qonk's Distillery.
  9047 | D:1      | Bought a runed robe for 92 gold pieces
  9047 | D:1      | Bought a dazzling helmet for 237 gold pieces
  9047 | D:1      | Identified the +4 helmet of Autotheism {Regen+} (You bought
                  | it in a shop on level 1 of the Dungeon)
  9365 | D:7      | Found a glowing silver altar of Zin.
 10078 | D:7      | Learned a level 5 spell: Agony
 10160 | D:7      | Reached XP level 10. HP: 69/80 MP: 1/14
 10449 | D:8      | Found a shadowy altar of Dithmenos.
 10544 | D:8      | Reached skill level 5 in Fighting
 10544 | D:8      | Reached skill level 11 in Necromancy
 10897 | D:8      | Found a shimmering altar of Xom.
 11194 | D:9      | Found an ancient bone altar of Kikubaaqudgha.
 11204 | D:9      | Noticed a kobold demonologist
 11204 | D:9      | Noticed a kobold demonologist
 11217 | D:9      | Killed a kobold demonologist
 11388 | D:9      | Found a blossoming altar of Fedhas.
 11427 | D:9      | Found a hide-covered altar of Uskayaw.
 11613 | D:9      | Noticed a smoke demon
 11661 | D:10     | Entered Level 10 of the Dungeon
 11797 | D:10     | Noticed a purple ugly thing
 11915 | D:9      | Reached **** piety under Sif Muna
 12023 | D:9      | Found a staircase to the Lair.
 12153 | D:9      | Found a white marble altar of Elyvilon.
 12250 | D:9      | Reached XP level 11. HP: 82/89 MP: 9/18
 12270 | D:9      | Found a sacrificial altar of Ru.
 12438 | D:9      | Reached skill level 5 in Spellcasting
 12931 | D:10     | Reached skill level 1 in Short Blades
 13200 | D:10     | Learned a level 3 spell: Tukima's Dance
 13327 | D:10     | Found a staircase to the Orcish Mines.
 13352 | D:10     | Reached skill level 1 in Hexes
 13371 | D:10     | Reached ***** piety under Sif Muna
 13718 | D:10     | Noticed Urug
 13728 | D:10     | Killed Urug
 14020 | D:10     | Received a gift from Sif Muna
 14021 | D:10     | Got Sif Muna's Anthology of Left-Handed Secrets and
                  | Confrontation {god gift}
 14107 | D:10     | Found a glowing golden altar of the Shining One.
 14481 | D:10     | Found an ornate altar of the Wu Jian Council.
 14653 | Orc:1    | Entered Level 1 of the Orcish Mines
 14674 | Orc:1    | Reached skill level 5 in Hexes
 14930 | Orc:2    | Entered Level 2 of the Orcish Mines
 14945 | Orc:2    | Noticed a two-headed ogre
 14959 | Orc:1    | Killed a two-headed ogre
 15169 | Orc:2    | Noticed Saint Roka
 15184 | Orc:2    | Noticed a cyclops
 15188 | Orc:2    | HP: 4/92 [cyclops/large rock (22)]
 15190 | Orc:2    | Slain by Saint Roka

Illustrated notes

Levels and vault maps discovered:
D:1:      psy_arrival_terrarium, layout_loops_corners, serial_shops, shop,
          chequers_serial_rivers_large_a
D:2:      layout_rooms, minmay_tromino_mix6
D:3:      layout_loops_corners, uniq_ijyb
D:4:      layout_basic, mainiacjoe_overflow_surrounded_room, lemuel_tele_altar,
          serial_shops, nicolae_shop_bloodbath_and_beyond
D:5:      layout_loops_corners, nicolae_overflow_squiral, minmay_pentangle
D:6:      layout_rooms, lightli_sewer_entry_pipes, serial_shops, shop,
          hangedman_decor_clover_reticule, grunt_decor_mini_mirrors,
          minmay_misc_feat_nine_boxes, hangedman_decor_peaks_small,
          dreamdust_princess_corridor, grunt_potential
D:7:      kennysheep_seaside_town, layout_basic, nicolae_overflow_hidden_temple,
          minmay_temple_entry_gardened_gates, serial_glass, glass_columns_b,
          glass_columns_c, minmay_strange_pillars, due_unseen_surprise,
          feat_on_display
D:8:      layout_rooms, led_xom_imps, mainiacjoe_overflow_paths,
          chequers_serial_rivers_marsh
D:9:      layout_basic, lemuel_round_altar, nicolae_elyvilon_peaceful_grove,
          mainiacjoe_overflow_chevrons, amcnicky_altar_gilded,
          kiku_gazebo_garden_becter, david_lair_generic
D:10:     layout_roguey, lemuel_round_altar,
          nicolae_wu_jian_immortal_techniques,
          kennysheep_orc_monster_closet_entryway, enter_bailey_4,
          kennysheep_small_spiral, uniq_urug
Orc:1:    layout_caves
Orc:2:    pf_orc_diabolical, layout_caves, hellmonk_guarded_unrand_dark_maul,
          uniq_saint_roka

Skill      XL: |  1  2  3  4  5  6  7  8  9 10 11 |
---------------+----------------------------------+-----
Necromancy     | 5 6 7 8 9 10 11 | 11.9
Spellcasting   | 2 3 4 5 |  5.7
Dodging        | 2 3 5 6 7 8 |  8.7
Fighting       | 1 2 4 6 7 |  7.0
Short Blades   | 1 |  1.4
Hexes          | 5 |  5.3
Stealth        | |  1.5

Action                     |  1- 3 |  4- 6 |  7- 9 | 10-12 || total
---------------------------+-------+-------+-------+-------++-------
  Melee: Unarmed           |    11 |       |       |       ||    11
         Short sword       |    14 |    28 |   570 |    80 ||   692
         Punch             |       |       |    13 |       ||    13
         Dagger            |       |       |       |   648 ||   648
  Throw: Dart              |       |       |     5 |       ||     5
         Throwing net      |       |       |     1 |       ||     1
   Cast: Necrotise         |    77 |    61 |   106 |    46 ||   290
         Vampiric Draining |       |     4 |    61 |    81 ||   146
         Animate Dead      |       |     1 |    14 |    14 ||    29
         Agony             |       |       |     1 |    22 ||    23
         Tukima's Dance    |       |       |       |    12 ||    12
  Evoke: Wand              |       |     8 |    19 |     5 ||    32
    Use: Scroll            |     3 |     3 |    19 |    10 ||    35
         Potion            |       |     3 |    13 |     6 ||    22
   Stab: Sleeping          |     2 |       |     2 |       ||     4
         Distracted        |       |       |     1 |     5 ||     6
         Petrified         |       |       |       |     3 ||     3
 Armour: Robe              |    11 |     4 |   196 |   259 ||   470
         Skin              |       |       |    38 |    29 ||    67
         Ring mail         |       |       |    58 |       ||    58
         Troll leather arm |       |       |       |   151 ||   151
  Dodge: Dodged            |    20 |    24 |   502 |   792 ||  1338

Table legend: (Time is in decaauts)
 A = Elapsed time spent in this place.
 B = Non-inter-level travel time spent in this place.
 C = Inter-level travel time spent in this place.
 D = Time resting spent in this place.
 E = Time spent auto-exploring this place.
 F = Levels seen in this place.
 G = Mean time per level.
                   A        B        C        D        E       F      G
               +--------+--------+--------+--------+--------+-----+--------+
         Total |  15472 |  14576 |    896 |    348 |  10885 |  13 | 1190.2 |
       Dungeon |  14525 |  13644 |    881 |    348 |  10319 |  10 | 1452.5 |
  Orcish Mines |    572 |    558 |     14 |      0 |    390 |   2 |  286.0 |
         Sewer |    374 |    374 |      0 |      0 |    176 |   1 |  374.0 |
               +--------+--------+--------+--------+--------+-----+--------+

Top non-repeatable levels by time:
     D:7: 2080 daAuts
     D:9: 1950 daAuts
     D:6: 1841 daAuts
    D:10: 1807 daAuts
     D:5: 1501 daAuts
     D:1: 1467 daAuts
     D:3: 1321 daAuts
     D:2: 918 daAuts
     D:4: 898 daAuts
     D:8: 737 daAuts
   Orc:1: 450 daAuts
   Sewer: 374 daAuts
   Orc:2: 122 daAuts
